 Dungeon Crawl Stone Soup version 0.29-a0-233-g1125b37a9b (webtiles) character file.

Game seed: 942775930674719835

547219 Ajdolov the Crack Shot (level 24, -9/122 HPs)
             Began as a Spriggan Hunter on Feb 28, 2022.
             Was the Champion of Hepliaklqana.
             Killed from afar by an orb of fire (38 damage)
             ... with a bolt of fire
             ... on level 5 of the Realm of Zot on Mar 2, 2022.
             The game lasted 04:44:10 (85245 turns).

Ajdolov the Crack Shot (Spriggan Hunter)           Turns: 85245, Time: 04:44:10

Health: -9/122     AC: 29    Str:  8    XL:     24   Next: 93%
Magic:  1/30       EV: 32    Int: 14    God:    Hepliaklqana [******]
Gold:   2848       SH:  5    Dex: 23    Spells: 23/23 levels left

rFire   + . .      SeeInvis +   a - +10 shortbow "Ultimatum" {freeze, rElec}
rCold   + + .      Faith    .   (shield currently unavailable)
rNeg    + + +      Spirit   .   g - +7 swamp dragon scales
rPois   +          Reflect  +   R - +2 hat
rElec   +          Harm     .   D - +2 cloak {rCorr}
rCorr   +          Rampage  .   (gloves unavailable)
Will    ++++.                   (boots unavailable)
Stlth   +++++++...              k - amulet of Starshine {Reflect rC++ Int+4 SH+5}
HPRegen 0.30/turn               Y - ring "Hogogab" {+Blink Fly}
MPRegen 0.22/turn               C - ring of Vicuxaat {Contam Fly rElec rF+ rN+++}

@: flying, studying 2 skills, very quick
A: reduced essence, very small, no large weapons, unfitting armour, see
invisible, speed 3, hooves 1, iridescent scales 1, clumsy 1, dopey 2, poison
resistance, screaming 1, devolution 1
}: 3/15 runes: decaying, serpentine, silver
a: Renounce Religion, Evoke Blink, Recall Ancestor, Ancestor Identity,
Transference, Idealise


You were on level 5 of the Realm of Zot.
You worshipped Hepliaklqana.
Hepliaklqana was exalted by your worship.
You visited 11 branches of the dungeon, and saw 54 of its levels.
You also visited: Sewer, Bailey, Ice Cave, Volcano and Wizlab.

You collected 8656 gold pieces.
You spent 5808 gold pieces at shops.

Inventory:

Hand Weapons
 a - the +10 shortbow "Ultimatum" (weapon) {freeze, rElec}
   (You acquired it on level 2 of the Depths)

   Any ammunition fired from it freezes those it strikes, dealing additional
   cold damage.
   It can also slow down cold-blooded creatures.
   rElec:     It insulates you from electricity.
 b - the +9 shortbow of Hubris {venom, Will+ Dex+4 Stlth+}
   (You found it on level 3 of the Elven Halls)

   Any ammunition fired from it poisons the flesh of those it strikes.
   Dex:       It affects your dexterity (+4).
   Will:      It increases your willpower.
   Stlth:     It makes you more stealthy.
Missiles
 K - 19 curare-tipped darts
 T - a throwing net
Armour
 g - +7 swamp dragon scales (worn)
 D - a +2 cloak of preservation (worn)
 R - a +2 hat (worn)
Jewellery
 k - the amulet of Starshine (around neck) {Reflect rC++ Int+4 SH+5}
   (You acquired it on level 1 of the Snake Pit)

   [amulet of reflection]

   It reflects blocked missile attacks.
   Int:       It affects your intelligence (+4).
   rC:        It greatly protects you from cold.
   SH:        It affects your SH (+5).
 u - a ring of protection from cold
 C - the ring of Vicuxaat (right hand) {Contam Fly rElec rF+ rN+++}
   (You bought it in a shop on level 5 of the Dungeon)

   [ring of flight]

   rF:        It protects you from fire.
   rElec:     It insulates you from electricity.
   rN:        It renders you almost immune to negative energy.
   Fly:       It grants you flight.
   Contam:    It causes magical contamination when unequipped.
 N - a +4 ring of slaying
 Y - the ring "Hogogab" (left hand) {+Blink Fly}
   (You bought it in a shop on level 2 of the Depths)

   [ring of flight]

   Fly:       It grants you flight.
   +Blink:    It lets you blink.
Wands
 s - a wand of iceblast (33)
 t - a wand of digging (29)
 w - a wand of polymorph (13)
 z - a wand of mindburst (9)
 L - a wand of paralysis (20)
 P - a wand of acid (7)
 Q - a wand of charming (27)
 X - a wand of flame (45)
Scrolls
 c - 9 scrolls of holy word
 h - 2 scrolls of summoning
 l - 2 scrolls of torment
 m - 15 scrolls of fog
 n - 5 scrolls of amnesia
 o - 5 scrolls of vulnerability
 r - 20 scrolls of teleportation
 x - 6 scrolls of magic mapping
 A - 8 scrolls of fear
 B - a scroll of brand weapon
 F - 5 scrolls of silence
 J - 6 scrolls of immolation
 O - 6 scrolls of enchant armour
 Z - 3 scrolls of enchant weapon
Potions
 e - a potion of cancellation
 f - 9 potions of attraction
 i - 4 potions of berserk rage
 j - 15 potions of curing
 p - 7 potions of heal wounds
 q - 4 potions of mutation
 v - 4 potions of brilliance
 E - 7 potions of magic
 G - 5 potions of invisibility
 H - 7 potions of haste
 M - 3 potions of ambrosia
 S - 4 potions of might
 U - 5 potions of resistance
Miscellaneous
 y - a phantom mirror
 I - a condenser vane
 V - a tin of tremorstones (2/2)
 W - a phial of floods


   Skills:
 - Level 17.4 Fighting
 - Level 22.0 Bows
 - Level 22.0 Armour
 - Level 20.6 Dodging
 * Level 18.0 Stealth
 - Level 8.0 Invocations
 + Level 21.8 Evocations


You had 23 spell levels left.
You didn't know any spells.
Your spell library contained the following spells:

 Spells                   Type           Power      Damage    Failure   Level
 Animate Skeleton         Necr           0%         N/A       45%         1
 Apportation              Tloc           0%         N/A       45%         1
 Beastly Appendage        Tmut           0%         N/A       45%         1
 Foxfire                  Conj/Fire      0%         2x1d4     45%         1
 Freeze                   Ice            0%         1d3       45%         1
 Magic Dart               Conj           0%         1d3       45%         1
 Sandblast                Erth           0%         2d4       45%         1
 Shock                    Conj/Air       0%         1d3       45%         1
 Summon Small Mammal      Summ           0%         N/A       45%         1
 Blink                    Tloc           0%         N/A       61%         2
 Ensorcelled Hibernation  Hex/Ice        0%         N/A       61%         2
 Passwall                 Tmut/Erth      0%         N/A       61%         2
 Searing Ray              Conj           0%         2d4       61%         2
 Sublimation of Blood     Necr           0%         N/A       61%         2
 Wereblood                Tmut           0%         N/A       61%         2
 Conjure Flame            Conj/Fire      0%         6-21      83%         3
 Dazzling Flash           Conj/Hex       0%         N/A       83%         3
 Frozen Ramparts          Ice            0%         1d2       83%         3
 Gell's Gravitas          Tloc           0%         N/A       83%         3
 Ignite Poison            Fire/Tmut/Pois 0%         N/A       83%         3
 Lesser Beckoning         Tloc           0%         N/A       83%         3
 Mephitic Cloud           Conj/Pois/Air  0%         N/A       83%         3
 Ozocubu's Armour         Ice            0%         N/A       83%         3
 Portal Projectile        Hex/Tloc       0%         N/A       83%         3
 Spider Form              Tmut/Pois      0%         N/A       83%         3
 Stone Arrow              Conj/Erth      0%         3d7       83%         3
 Swiftness                Air            0%         N/A       83%         3
 Teleport Other           Tloc           0%         N/A       83%         3
 Tukima's Dance           Hex            0%         N/A       83%         3
 Vampiric Draining        Necr           0%         2d6       83%         3
 Airstrike                Air            0%         N/A       99%         4
 Anguish                  Hex/Necr       0%         N/A       99%         4
 Animate Dead             Necr           0%         N/A       99%         4
 Cause Fear               Hex            0%         N/A       99%         4
 Fulminant Prism          Conj/Hex       0%         3d6       99%         4
 Hailstorm                Conj/Ice       0%         3d3       99%         4
 Ice Form                 Ice/Tmut       0%         N/A       99%         4
 Iskenderun's Mystic Bla  Conj/Tloc      0%         2d3       99%         4
 Olgreb's Toxic Radiance  Pois           0%         N/A       99%         4
 Passage of Golubria      Tloc           0%         N/A       99%         4
 Petrify                  Tmut/Erth      0%         N/A       99%         4
 Sticky Flame             Conj/Fire      0%         2d3       99%         4
 Summon Ice Beast         Ice/Summ       0%         N/A       99%         4
 Agony                    Necr           0%         N/A       100%        5
 Alistair's Intoxication  Tmut/Pois      0%         N/A       100%        5
 Blade Hands              Tmut           0%         N/A       100%        5
 Excruciating Wounds      Necr           0%         N/A       100%        5
 Freezing Cloud           Conj/Ice/Air   0%         6-21      100%        5
 Irradiate                Conj/Tmut      0%         3d14      100%        5
 Manifold Assault         Tloc           0%         N/A       100%        5
 Metabolic Englaciation   Hex/Ice        0%         N/A       100%        5
 Silence                  Hex/Air        0%         N/A       100%        5
 Summon Mana Viper        Hex/Summ       0%         N/A       100%        5
 Yara's Violent Unravell  Hex/Tmut       0%         3d3       100%        5
 Dispersal                Tloc           0%         N/A       100%        6
 Simulacrum               Ice/Necr       0%         N/A       100%        6
 Starburst                Conj/Fire      0%         6d3       100%        6
 Statue Form              Tmut/Erth      0%         N/A       100%        6
 Dragon Form              Tmut           0%         N/A       100%        7
 Enfeeble                 Hex            0%         N/A       100%        7
 Haunt                    Necr/Summ      0%         N/A       100%        7
 Monstrous Menagerie      Summ           0%         N/A       100%        7
 Ozocubu's Refrigeration  Ice            0%         4d5       100%        7
 Storm Form               Tmut/Air       0%         N/A       100%        7
 Summon Hydra             Summ           0%         N/A       100%        7
 Disjunction              Tloc           0%         N/A       100%        8
 Ignition                 Fire           0%         3d3       100%        8
 Infestation              Necr           0%         N/A       100%        8
 Lehudib's Crystal Spear  Conj/Erth      0%         10d2      100%        8
 Necromutation            Tmut/Necr      0%         N/A       100%        8
 Chain Lightning          Conj/Air       0%         N/A       100%        9
 Dragon's Call            Summ           0%         N/A       100%        9
 Fire Storm               Conj/Fire      0%         5d1       100%        9
 Polar Vortex             Ice            0%         N/A       100%        9
 Shatter                  Erth           0%         3d5*      100%        9


Dungeon Overview and Level Annotations

Branches:
Dungeon (15/15)            Temple (1/1) D:5            Lair (6/6) D:8
  Swamp (4/4) Lair:4        Snake (4/4) Lair:3        Slime (5/5) Lair:5
    Orc (2/2) D:9             Elf (3/3) Orc:2        Vaults (5/5) D:14
  Crypt (0/3) Vaults:2     Depths (4/4) D:15            Zot (5/5) Depths:4
  Sewer (visited)          Bailey (visited)           IceCv (visited)
Volcano (visited)          WizLab (visited)

Altars:
Ashenzari
Cheibriados
Dithmenos
Elyvilon
Fedhas
Gozag
Hepliaklqana
Kikubaaqudgha
Makhleb
Nemelex Xobeh
Okawaru
Qazlal
Ru
Sif Muna
Trog
Uskayaw
Vehumet
Wu Jian
Xom
Yredelemnul
Zin
The Shining One
Jiyva

Shops:
D:3 *==*(   D:5 =(?   Orc:2 (*![   Elf:1 *   Elf:3 =   Snake:1 ![   Snake:4 [
Vaults:2 !   Vaults:3 (   Vaults:4 !!***   Zot:1 *   Depths:2 ?==:
Depths:3 =[!   Depths:4 ([[*

Portals:
Hell: Depths:1 Depths:2 Depths:3 Depths:4
Abyss: Depths:2 Depths:3 Depths:4
Pandemonium: Depths:2
Ziggurat: Depths:1

Annotations:
D:14 3 runed translucent doors, Ajdolov's ghost, journeyman TrMo
Lair:1 2 transporters, Sibufos's ghost, novice DsGl
Lair:3 1 runed translucent door, trm's ghost, journeyman OpCj
Lair:4 1 runed translucent door, Atont's ghost, journeyman DDFi
Swamp:1 1 runed translucent door
Slime:5 Royal Jelly
Elf:2 3 runed translucent doors
Vaults:1 1 runed translucent door, Zgarb's ghost, adept HOHu
Zot:1 3 runed translucent doors, exclusion: obsidian statue, Numeyn's ghost, legendary GrBe


Innate Abilities, Weirdness & Mutations

Your life essence is reduced to manifest your ancestor. (-10% HP)
You are very small and have problems with some larger weapons.
You are too small for most types of armour.
You have supernaturally acute eyesight. (SInv)
You cover ground extremely quickly. (Speed+++)
You have large cloven feet.
You are partially covered in iridescent scales. (AC +2)
You are clumsy. (Dex -2)
You are very dopey. (Int -4)
Your system is resistant to poisons. (rPois)
You occasionally shout uncontrollably at your foes.
You have hidden genetic defects.


Message History

5 Orb Guardians come into view.
As you read the scroll of blinking, it crumbles to dust.
The Orb Guardian fails to trigger a net trap.
Fikile has departed this plane of existence.
An ancient lich comes into view.
You hear a loud "Zot"!
The power of Zot is invoked against you!
You suddenly feel drained of magical energy!
The Orb Guardian misses you.
Unknown command.
Blink to where?
Press: ? - help, Dir - move target A dread lich, an orb of fire, an electric golem and a moth of wrath come into view.
Found 35 gold pieces and a ring of resist corrosion.
As you read the scroll of blinking, it crumbles to dust.
A purple draconian comes into view. It is wielding a +0 mace.
A Killer Klown comes into view. It is wielding a +10 club of freezing.
Found a leather armour.
The Killer Klown shouts!
The purple draconian roars!
The dread lich shouts!
You hear a shout!
The orb of fire glows deep purple.
The fireball explodes!
The fireball engulfs you!! You resist.
The fireball engulfs the orb of fire.
The orb of fire completely resists.
The dread lich mumbles some strange words.
The Killer Klown blinks!
The ancient lich shouts!
Blink to where?
Press: ? - help, Dir - move target
As you read the scroll of blinking, it crumbles to dust.
The orb of fire glows bright magenta.
The fireball explodes!
The fireball engulfs you!!! You resist.
* * * LOW HITPOINT WARNING * * *
A dread lich comes into view.
You feel much better.
The Killer Klown sprays water.
The Killer Klown blinks!
The dread lich mumbles some strange words.
The orb of fire glows yellow.
The bolt of fire hits you!!! You resist.
You die...

**,,,,,,,,..d...........▓.
*▓.......L2..dLpL.X..X..X
**......................▓X
*▓..............*........▓▓
*..........§...9...^.....▓▓
*...........^.*..........#
*▓......................##
*▓...................▓##
*▓......@........▓▓▓▓
▓▓.....##▓▓▓▓▓▓▓▓▓▓▓#
##...............^^..###
##................##....##
##.................^###...#
#....................###...
#....................# ##..
#..^.................# #..
#....................# ##)


You could see 2 orbs of fire, a Killer Klown, an electric golem, 2 dread liches,
a purple draconian and a balrug (summoned).

Vanquished Creatures
  A dread lich (Vaults:5)
  An orb of fire (Zot:5)
  An ancient lich (WizLab)
  5 juggernauts
  Sojobo (Depths:4)
  A Killer Klown (Zot:5)
  A caustic shrike (Depths:2)
  2 golden dragons
  2 bone dragons (Depths:4)
  An electric golem (Zot:1)
  5 liches
  Jorgrun (Orc:1)
  8 tentacled monstrosities
  2 titans (Vaults:5)
  9 acid blobs
  9 Orb Guardians
  A quicksilver dragon (Vaults:5)
  A sphinx (Vaults:1)
  3 deep elf master archers (Elf:3)
  2 death cobs (Zot:1)
  5 shadow dragons
  2 thorn hunters
  3 storm dragons
  9 tengu reavers
  Donald (Elf:3)
  2 draconian monks (Zot:5)
  3 nagarajas (Snake:4)
  4 rockslimes
  3 azure jellies (Slime:5)
  2 frost giants
  7 fire giants
  8 vault wardens
  Aizul (Swamp:4)
  3 deep elf sorcerers (Elf:3)
  A balrug (Depths:3)
  3 draconian knights
  A ghost moth (Zot:4)
  3 iron dragons
  3 draconian scorchers
  4 deep elf elementalists (Elf:3)
  4 spriggan defenders
  7 ironbound preservers
  A quicksilver ooze (shapeshifter) (Vaults:5)
  A reaper (IceCv)
  2 draconian stormcallers
  4 draconian annihilators
  9 quicksilver oozes
  2 war gargoyles
  7 very ugly things
  2 vampire knights
  The ghost of bmj180 the Lord of Darkness, a journeyman DsNe of Kikubaaqudgha (Lair:6)
  14 stone giants
  2 green draconians
  An ironbound thunderhulk (Vaults:4)
  6 deep elf demonologists (Elf:3)
  3 deep elf annihilators (Elf:3)
  Azrael (Elf:1)
  2 black draconians
  2 eleionomae
  5 bunyips
  8 dire elephants
  6 purple draconians
  A red draconian (Zot:1)
  3 white draconians
  A yellow draconian (Zot:5)
  8 spark wasps
  5 ettins
  4 deep elf death magi (Elf:3)
  5 fire dragons
  10 yaktaur captains
  7 great orbs of eyes
  2 shambling mangroves (Swamp:4)
  6 naga warriors (Snake:4)
  4 deep elf high priests
  Erolcha (D:11)
  3 salamander tyrants (Snake:4)
  17 vault guards
  5 ice dragons
  A peacekeeper (Vaults:4)
  7 boulder beetles
  13 hydras
  A boulder beetle (shapeshifter) (Depths:4)
  2 spriggan air magi
  14 centaur warriors
  A ghost crab (Swamp:2)
  2 ogre magi (Vaults:5)
  7 ironbound frosthearts
  8 anacondas
  2 death yaks (Lair:4)
  A death knight (D:14)
  2 alligators
  11 dancing weapons
  4 two-headed ogres
  4 deep troll shamans
  4 tengu warriors
  2 shock serpents
  2 vampire magi
  4 deep troll earth magi
  3 spriggan berserkers
  6 naga sharpshooters
  4 deep elf knights
  Sonja (D:11)
  5 hell knights
  7 iron trolls
  A soul eater (Depths:2)
  8 skeletal warriors
  29 deep trolls
  2 goliath frogs
  4 sea snakes
  3 salamander mystics
  A sixfirhy (Depths:2)
  8 spriggan druids
  2 swamp dragons
  3 flayed ghosts
  3 spriggan simulacra (IceCv)
  6 deep elf archers
  A glowing orange brain (Depths:3)
  15 wizards
  3 spectral hydras (Swamp:4)
  4 bog bodies
  6 naga ritualists
  Pikel (D:4)
  A harpy (Vaults:1)
  16 deep elf zephyrmancers
  5 phantasmal warriors
  13 ironbound convokers
  A lindwurm (Vaults:1)
  6 orc knights
  7 mana vipers
  26 ugly things
  An obsidian statue (IceCv)
  A sphinx zombie (Depths:1)
  17 deep elf pyromancers
  An iron dragon zombie (Depths:1)
  3 will-o-the-wisps
  6 cyclopes
  9 necromancers
  A wolf spider (Vaults:5)
  9 salamanders
  2 shining eyes
  A manticore (D:14)
  13 moths of wrath
  3 oklob plants (Swamp:4)
  6 elephants
  A guardian serpent (Snake:3)
  An elephant (shapeshifter) (Vaults:5)
  8 naga magi
  An ice statue (Swamp:1)
  A frost giant skeleton (Vaults:1)
  13 vault sentinels
  A smoke demon (Depths:3)
  29 black mambas
  A molten gargoyle (Lair:1)
  9 cane toads
  2 orange demons
  A torpor snail (Lair:6)
  An eye of devastation (Slime:5)
  A human zombie (Vaults:1)
  2 gargoyles (Volcano)
  8 komodo dragons
  A rime drake (Lair:4)
  A hellion (Depths:2)
  8 freezing wraiths
  2 efreet
  An unseen horror (shapeshifter) (Elf:1)
  An unseen horror (D:12)
  A tengu conjurer (Depths:2)
  4 entropy weaver simulacra (IceCv)
  35 yaktaurs
  3 ice devils (IceCv)
  A human skeleton (Vaults:1)
  A hydra zombie (Swamp:4)
  A bloated husk (Swamp:3)
  7 trolls
  A death drake zombie (Swamp:4)
  A merfolk (shapeshifter) (Elf:3)
  4 polar bears
  6 tyrant leeches
  53 slime creatures
  20 hornets
  9 blink frogs
  A hydra skeleton (Swamp:4)
  Grinder (D:3)
  2 death drake skeletons (Swamp:4)
  2 dream sheep (Lair:6)
  4 air elementals
  23 spriggans
  A spriggan (shapeshifter) (Elf:2)
  7 vampires
  A dire elephant simulacrum (IceCv)
  4 shadows
  16 yaks
  8 wraiths
  3 water elementals
  8 fire elementals
  3 humans (D:14)
  2 wyverns
  2 basilisks
  A redback simulacrum (D:14)
  17 vampire mosquitoes
  Menkaure (D:4)
  A minotaur simulacrum (IceCv)
  A neqoxec (Depths:2)
  A warg (Snake:2)
  29 nagas
  11 swamp worms
  4 acid dragons
  2 hydra simulacra
  4 two-headed ogre zombies (WizLab)
  2 hell hounds (Elf:1)
  19 water moccasins
  6 swamp drakes
  42 orc warriors
  A sky beast (D:8)
  A black bear (shapeshifter) (D:14)
  3 ice beasts
  5 black bears
  4 boggarts (Lair:6)
  2 alligator simulacra (IceCv)
  10 ogres
  A swamp dragon skeleton (Swamp:4)
  15 centaurs
  11 wolves (Lair:6)
  2 gnoll sergeants
  19 bullfrogs
  An earth elemental (Elf:1)
  2 deep troll simulacra (IceCv)
  3 necrophages (Lair:2)
  A scorpion (D:6)
  3 troll zombies (WizLab)
  7 wights
  9 killer bees
  A lindwurm simulacrum (IceCv)
  A killer bee (shapeshifter) (D:14)
  5 howler monkeys
  6 electric eels
  3 lava snakes (Lair:1)
  2 hounds
  13 orc priests
  3 iguanas
  15 orc wizards
  7 hell rats (Lair:4)
  2 ogre zombies (WizLab)
  9 gnolls
  4 river rats (Sewer)
  13 adders
  A shadow imp (D:5)
  2 white imps (D:6)
  An ufetubus (D:5)
  6 worms
  2 dart slugs (D:1)
  77 orcs
  16 ball pythons
  10 endoplasms
  9 giant cockroaches
  8 goblins
  13 hobgoblins
  2 jackals (Sewer)
  5 kobolds
  3 quokkas
  12 bats
  8 frilled lizards
  8 rats
1500 creatures vanquished.

Vanquished Creatures (collateral kills)
  Dissolution (Slime:5)
  2 ancient liches (Zot:5)
  A juggernaut (Depths:4)
  Bai Suzhen (Elf:3)
  Saint Roka (Snake:2)
  Frederick (Depths:4)
  3 curse toes (Zot:5)
  Zenata (Zot:1)
  2 golden dragons (Vaults:5)
  A tentacled monstrosity (Zot:1)
  4 Orb Guardians (Zot:5)
  3 acid blobs (Slime:5)
  An ancient champion (WizLab)
  4 death cobs
  2 shadow dragons
  4 tengu reavers
  A draconian monk (Zot:1)
  4 storm dragons
  3 azure jellies
  3 frost giants
  3 vault wardens
  2 deep elf sorcerers (Elf:3)
  3 draconian knights
  A ghost moth (Zot:5)
  2 hydra zombies (Swamp:4)
  An iron dragon (Depths:2)
  5 deep elf elementalists (Elf:3)
  A draconian shifter (Zot:5)
  3 draconian stormcallers
  5 ironbound preservers
  A reaper (IceCv)
  A quicksilver ooze (Slime:5)
  7 very ugly things
  A draconian annihilator (Zot:1)
  4 ironbound thunderhulks
  2 stone giants (Vaults:5)
  3 deep elf demonologists
  3 vampire knights
  2 black draconians
  3 green draconians
  3 yellow draconians
  A spark wasp (Depths:1)
  3 deep elf annihilators (Elf:3)
  A purple draconian (Zot:5)
  7 dire elephants
  A white draconian (Zot:4)
  2 red draconians (Zot:3)
  3 deep elf death magi
  An ettin (Depths:1)
  A fire dragon (Depths:2)
  3 ice dragons
  2 yaktaur captains
  A great orb of eyes (Vaults:4)
  3 shambling mangroves (Swamp:4)
  A boulder beetle (D:15)
  6 naga warriors
  14 vault guards
  8 hydras
  2 salamander tyrants
  2 ghost crabs (Swamp:4)
  2 ironbound frosthearts
  5 centaur warriors
  3 ogre magi
  7 two-headed ogres
  2 alligators
  2 anacondas (Snake:4)
  3 deep troll shamans
  A death yak (Lair:4)
  A tengu warrior (Depths:3)
  8 dancing weapons
  2 deep troll earth magi
  A spriggan berserker (Swamp:3)
  2 naga sharpshooters
  5 hell knights
  Amaemon (Lair:4)
  A shock serpent (Snake:4)
  Nergalle (D:11)
  2 salamander mystics (Snake:4)
  4 deep elf knights
  A sea snake (Snake:4)
  An iron troll (Depths:3)
  A flayed ghost (Depths:4)
  6 skeletal warriors
  A death drake (shapeshifter) (Elf:1)
  A glowing orange brain (Depths:2)
  21 deep trolls
  A swamp dragon (Swamp:1)
  A spriggan simulacrum (IceCv)
  8 deep elf archers
  2 bog bodies
  An orange crystal statue (IceCv)
  4 spriggan druids
  A phantasmal warrior (Depths:4)
  2 wizards
  2 spectral hydras (Swamp:4)
  3 lindwurms
  A mana viper (Snake:2)
  A necromancer (Depths:1)
  4 ironbound convokers
  13 deep elf zephyrmancers
  21 ugly things
  A golden dragon skeleton (Depths:1)
  5 deep elf pyromancers
  A wolf spider (D:15)
  A manticore (D:15)
  An elephant (Lair:4)
  3 salamanders
  2 cyclopes
  2 moths of wrath (Zot:1)
  5 black mambas
  2 vault sentinels
  A guardian serpent (Snake:4)
  4 naga magi
  An eye of devastation (Slime:5)
  A gargoyle (D:12)
  A smoke demon (Depths:3)
  2 komodo dragons (Lair:6)
  7 cane toads
  15 yaktaurs
  A yaktaur zombie (Vaults:1)
  2 efreet
  3 freezing wraiths (IceCv)
  A death drake zombie (Swamp:4)
  3 trolls
  An ice devil (IceCv)
  A golden dragon simulacrum (IceCv)
  2 bloated husks
  A polar bear (Lair:6)
  2 tyrant leeches
  7 hornets
  18 slime creatures
  3 blink frogs
  An ettin skeleton (Vaults:1)
  A shadow (D:12)
  11 spriggans
  An air elemental (Elf:2)
  2 wyverns
  A vampire (WizLab)
  2 fire elementals (Elf:1)
  2 basilisks
  17 yaks
  5 humans (D:14)
  A steam dragon (D:8)
  2 swamp worms
  A warg (Orc:1)
  4 vampire mosquitoes
  An acid dragon (D:12)
  6 nagas
  A two-headed ogre zombie (WizLab)
  5 water moccasins
  9 orc warriors
  5 swamp drakes
  A black bear (Lair:6)
  2 ogres
  A swamp dragon zombie (Swamp:4)
  4 wolves (Lair:6)
  4 centaurs
  A necrophage (Lair:2)
  A bullfrog (Lair:3)
  An earth elemental (Elf:1)
  3 wights (WizLab)
  4 killer bees (D:10)
  6 troll zombies (WizLab)
  3 orc wizards
  2 ogre zombies (WizLab)
  14 orcs
536 creatures vanquished.

Vanquished Creatures (others)
  A stone giant (Depths:1)
  A white draconian (Zot:5)
  3 yaktaur captains
  A vault guard (D:14)
  A deep elf knight (Elf:1)
  2 deep elf archers (Elf:1)
  6 yaktaurs
  A human (D:14)
  71 knights
  An orc wizard (D:6)
  3 ancestors
  16 foxfires
  22 fungi
  62 plants
191 creatures vanquished.

Grand Total: 2227 creatures vanquished

Notes
Turn   | Place    | Note
-------+----------+-------------------------------------------
     0 | D:1      | Ajdolov the Spriggan Hunter began the quest for the Orb.
     0 | D:1      | Reached XP level 1. HP: 10/10 MP: 2/2
    31 | D:1      | Reached skill level 5 in Bows
   177 | D:1      | Found a faded altar of an unknown god.
   181 | D:1      | Reached XP level 2. HP: 14/14 MP: 3/3
   685 | D:1      | Reached XP level 3. HP: 18/18 MP: 4/4
  1321 | D:2      | Reached XP level 4. HP: 22/22 MP: 5/5
  1805 | D:3      | Found a white marble altar of Elyvilon.
  1866 | D:3      | Found Oqij's Weapon Shoppe.
  1906 | D:3      | Noticed Grinder
  1918 | D:3      | Killed Grinder
  1919 | D:3      | Reached XP level 5. HP: 25/25 MP: 6/6
  1919 | D:3      | Reached XP level 6. HP: 30/30 MP: 7/7
  1939 | D:3      | Found Ukyetaed's Assorted Antiques.
  2004 | D:3      | Found Oretz's Jewellery Shoppe.
  2063 | D:3      | Found Gegaub's General Store.
  2071 | D:3      | Bought a potion of heal wounds for 55 gold pieces
  2164 | D:3      | Found Ruamuuk's Jewellery Emporium.
  2485 | D:4      | Noticed an orc warrior
  2514 | D:4      | Killed an orc warrior
  2595 | D:4      | Reached skill level 10 in Bows
  2595 | D:4      | Reached XP level 7. HP: 33/33 MP: 8/8
  2666 | D:4      | Noticed Menkaure
  3063 | D:4      | Killed Menkaure
  3317 | D:5      | Entered Level 5 of the Dungeon
  3317 | D:5      | Noticed Pikel
  3371 | D:4      | Killed Pikel
  3372 | D:4      | Reached XP level 8. HP: 36/37 MP: 9/9
  3588 | D:5      | Found a glowing drain.
  3592 | Sewer    | Entered a sewer
  4270 | D:5      | Found Bipsum's Antique Weapon Shoppe.
  4556 | D:6      | Found a glowing silver altar of Zin.
  4787 | D:5      | Found Ufalep's Magic Scroll Shop.
  4809 | D:5      | Found Sedil's Jewellery Shop.
  4955 | D:5      | Found a staircase to the Ecumenical Temple.
  5171 | Temple   | Entered the Ecumenical Temple
  5267 | Temple   | Became a worshipper of Hepliaklqana the Forgotten
  6006 | D:5      | Bought a scroll of identify for 24 gold pieces
  6268 | D:6      | Reached XP level 9. HP: 37/41 MP: 10/10
  6752 | D:6      | Reached skill level 15 in Bows
  7357 | D:7      | Found a hide-covered altar of Uskayaw.
  7553 | D:7      | Reached * piety under Hepliaklqana
  7621 | D:7      | Noticed a skeletal warrior
  7737 | D:7      | Killed a skeletal warrior
  7738 | D:7      | Reached skill level 5 in Fighting
  7738 | D:7      | Reached skill level 5 in Dodging
  7759 | D:7      | Found the +5 scythe "Finisher" {speed, eviscerate}
  8187 | D:8      | Reached XP level 10. HP: 45/45 MP: 11/11
  8468 | D:8      | Found a flagged portal.
  8492 | Bailey   | Entered a bailey
  8523 | Bailey   | Noticed an orc knight
  8754 | Bailey   | Noticed an orc knight
  8901 | Bailey   | Killed an orc knight
  9044 | Bailey   | Killed an orc knight
  9356 | D:8      | Reached ** piety under Hepliaklqana
  9357 | D:8      | Remembered your ancestor Fikile as a knight
  9502 | D:8      | Noticed an elephant
  9538 | D:8      | Killed an elephant
  9591 | D:8      | Found a staircase to the Lair.
  9847 | D:8      | Found an ornate altar of the Wu Jian Council.
 10067 | D:9      | Found a staircase to the Orcish Mines.
 10118 | D:9      | Noticed a two-headed ogre
 10127 | D:9      | Killed a two-headed ogre
 10130 | D:9      | Reached XP level 11. HP: 54/54 MP: 10/12
 10304 | D:9      | Reached skill level 10 in Dodging
 10439 | D:9      | Found a blossoming altar of Fedhas.
 10527 | D:10     | Entered Level 10 of the Dungeon
 10724 | D:10     | Noticed a two-headed ogre
 10729 | D:10     | Killed a two-headed ogre
 11184 | D:10     | Found a shimmering blue altar of Sif Muna.
 11282 | D:11     | Reached skill level 1 in Armour
 11397 | D:11     | Noticed Sonja
 11614 | D:11     | Reached *** piety under Hepliaklqana
 11615 | D:11     | Noticed Nergalle
 11819 | D:11     | Found a shimmering altar of Xom.
 11863 | D:11     | Noticed Erolcha
 11885 | D:11     | Killed Erolcha
 12047 | D:11     | Killed Sonja
 12048 | D:11     | Reached skill level 10 in Fighting
 12209 | D:11     | Killed Nergalle
 12676 | D:12     | Noticed a six-headed hydra
 12678 | D:12     | Reached XP level 12. HP: 60/60 MP: 11/13
 12684 | D:12     | Killed a six-headed hydra
 12793 | D:12     | Noticed a two-headed ogre
 12806 | D:12     | Killed a two-headed ogre
 13096 | D:12     | Noticed a six-headed hydra
 13116 | D:11     | Killed a six-headed hydra
 13307 | D:12     | Found the ring of the Octopus King
 13333 | D:12     | Reached skill level 5 in Armour
 13355 | D:12     | Identified a ring of the Octopus King {MP+9 AC+1 EV+1 Str+1
                  | Int+1 Dex+1}
 13552 | D:5      | Bought the ring of Vicuxaat {Contam Fly rElec rF+ rN+++}
                  | for 754 gold pieces
 13856 | D:12     | Noticed a two-headed ogre
 13867 | D:12     | Killed a two-headed ogre
 14159 | D:13     | Noticed a boulder beetle
 14275 | D:12     | Killed a boulder beetle
 14654 | Lair:1   | Entered Level 1 of the Lair of Beasts
 14666 | Lair:1   | Found a transporter.
 14683 | Lair:1   | Found a transporter.
 14686 | Lair:1   | Noticed Sibufos's ghost (novice DsGl)
 14884 | Lair:1   | Reached **** piety under Hepliaklqana
 15480 | Lair:1   | Noticed a four-headed hydra
 15490 | Lair:1   | Reached XP level 13. HP: 66/66 MP: 11/14
 15607 | Lair:1   | Reached skill level 1 in Evocations
 15624 | Lair:1   | Found the +8 whip "Snakebite" {venom, curare, rPois}
 15922 | Lair:2   | Found a dark tunnel.
 15927 | Volcano  | Entered a volcano
 15946 | Volcano  | Noticed a stone giant
 15966 | Volcano  | Killed a stone giant
 16910 | Lair:2   | Reached skill level 5 in Evocations
 17045 | Lair:2   | Reached ***** piety under Hepliaklqana
 17415 | Lair:3   | Reached skill level 1 in Invocations
 17934 | Lair:3   | Found a staircase to the Snake Pit.
 18083 | Lair:3   | You are sucked into a shaft and drop 1 floor!
 18215 | Lair:4   | Found a runed translucent door.
 18224 | Lair:4   | Noticed Amaemon
 18258 | Lair:4   | Killed Amaemon
 18259 | Lair:4   | Reached skill level 5 in Invocations
 18265 | Lair:4   | Noticed Atont's ghost (journeyman DDFi)
 18954 | Lair:3   | Found a runed translucent door.
 18954 | Lair:3   | Noticed trm's ghost (journeyman OpCj)
 20130 | Lair:4   | Found a staircase to the Swamp.
 20848 | Lair:5   | Reached XP level 14. HP: 72/72 MP: 21/21
 20937 | Lair:5   | Reached ****** piety under Hepliaklqana
 21287 | Lair:5   | Found a viscous altar of Jiyva.
 21287 | Lair:5   | Found a staircase to the Slime Pits.
 21647 | Lair:6   | Entered Level 6 of the Lair of Beasts
 21937 | Lair:6   | Found a large runed translucent door.
 21938 | Lair:6   | Found a large runed translucent door.
 21941 | Lair:6   | Noticed bmj180's ghost (journeyman DsNe)
 23328 | Lair:6   | Killed bmj180's ghost
 25318 | D:14     | Found a runed translucent gate.
 25318 | D:14     | Found a runed translucent gate.
 25318 | D:14     | Found a runed translucent gate.
 25322 | D:14     | Noticed Ajdolov's ghost (journeyman TrMo)
 25561 | D:14     | Reached XP level 15. HP: 77/77 MP: 22/22
 25849 | D:14     | Reached skill level 15 in Dodging
 26277 | D:14     | Found a gate to the Vaults.
 27009 | D:14     | Noticed a frost giant
 27020 | D:14     | Killed a frost giant
 27287 | D:15     | Entered Level 15 of the Dungeon
 27937 | D:15     | Reached skill level 10 in Armour
 28081 | D:15     | Reached skill level 5 in Stealth
 28947 | D:15     | Found a staircase to the Depths.
 29120 | Orc:1    | Entered Level 1 of the Orcish Mines
 29370 | Orc:2    | Entered Level 2 of the Orcish Mines
 29902 | Orc:2    | Found a staircase to the Elven Halls.
 30213 | Orc:2    | Found Roadaim's Distillery.
 30213 | Orc:2    | Found Piel's Assorted Antiques.
 30213 | Orc:2    | Found Zopru's Weapon Boutique.
 30216 | Orc:2    | Found Diaklogh's Armour Emporium.
 30237 | Orc:2    | Bought a scroll of enchant weapon for 180 gold pieces
 30240 | Orc:2    | Bought a potion of cancellation for 128 gold pieces
 30240 | Orc:2    | Bought a potion of ambrosia for 128 gold pieces
 30647 | Orc:1    | Noticed Jorgrun
 30905 | Orc:1    | Killed Jorgrun
 31286 | D:3      | Bought a scroll of enchant weapon for 172 gold pieces
 31286 | D:3      | Bought a condenser vane for 920 gold pieces
 31441 | Snake:1  | Entered Level 1 of the Snake Pit
 31713 | Snake:1  | Found Hagedef's Armour Emporium.
 31731 | Snake:1  | Found Zoelaom's Distillery.
 31740 | Snake:1  | Bought a potion of heal wounds for 80 gold pieces
 31740 | Snake:1  | Bought a potion of heal wounds for 80 gold pieces
 31785 | Snake:1  | Reached XP level 16. HP: 82/82 MP: 23/23
 31817 | Snake:1  | Found a glowing golden altar of the Shining One.
 32736 | Snake:2  | Noticed Saint Roka
 32753 | Snake:2  | Killed Saint Roka
 33039 | Snake:2  | You are sucked into a shaft and drop 1 floor!
 34020 | Snake:3  | Reached skill level 10 in Stealth
 34673 | Snake:4  | Entered Level 4 of the Snake Pit
 34859 | Snake:4  | Reached skill level 10 in Evocations
 35229 | Snake:4  | Found a shadowy altar of Dithmenos.
 35330 | Snake:4  | Found Unannif's Antique Armour Shop.
 36547 | Snake:4  | Reached XP level 17. HP: 86/86 MP: 22/24
 37708 | Snake:4  | Got a serpentine rune of Zot
 38048 | Swamp:1  | Entered Level 1 of the Swamp
 38244 | Swamp:1  | Found a runed translucent door.
 38552 | Swamp:1  | Found a frozen archway.
 38792 | IceCv    | Entered an ice cave
 41659 | Swamp:2  | Identified a scroll of acquirement
 41847 | Swamp:3  | Identified the +10 dire flail of the Ass {freeze, rPois
                  | Dex+3}
 42234 | Swamp:2  | Acquired 651 gold pieces
 42713 | Swamp:3  | Identified the ring of the Death Scarab {EV+4 Dex+3}
 42960 | Swamp:3  | Reached skill level 15 in Evocations
 43194 | Swamp:4  | Entered Level 4 of the Swamp
 43319 | Swamp:4  | Reached XP level 18. HP: 90/90 MP: 25/25
 43600 | Swamp:4  | Noticed Aizul
 44407 | Swamp:4  | Killed Aizul
 45584 | Swamp:4  | Found a basalt altar of Yredelemnul.
 45780 | Swamp:4  | Found a blossoming altar of Fedhas.
 45935 | Swamp:4  | Got a decaying rune of Zot
 46334 | Vaults:1 | Entered Level 1 of the Vaults
 48530 | Vaults:1 | Identified the +0 robe "Yqaez" {rF++ rC+++ rN+ Dex-5}
 48598 | Vaults:1 | Reached XP level 19. HP: 94/94 MP: 26/26
 48782 | Vaults:1 | Identified the +1 arbalest of Distraction {elec, Contam
                  | rElec Dex+4}
 48804 | Vaults:1 | Found a runed translucent door.
 49041 | Vaults:1 | Noticed Zgarb's ghost (adept HOHu)
 49851 | Vaults:2 | Reached skill level 15 in Stealth
 50828 | Vaults:2 | Found Rovvowk's Distillery.
 51371 | Vaults:2 | Found a staircase to the Crypt.
 51784 | Snake:1  | Bought a scarf of resistance for 448 gold pieces
 51814 | Snake:1  | Bought a +2 cloak of preservation for 301 gold pieces
 51825 | Snake:1  | Acquired the amulet of Starshine {Reflect rC++ Int+4 SH+5}
 53433 | Vaults:3 | Found Luhuxeom's Antique Weapon Boutique.
 54180 | Vaults:3 | You are sucked into a shaft and drop 1 floor!
 54204 | Vaults:4 | Found Bipin's Assorted Antiques.
 54231 | Vaults:4 | Found Muxzi's General Store.
 54251 | Vaults:4 | Found a magical portal.
 54260 | WizLab   | Entered Zonguldrok's Shrine
 54821 | WizLab   | Noticed an antique lich
 55006 | WizLab   | Killed an antique lich
 55007 | WizLab   | Reached skill level 15 in Armour
 55064 | WizLab   | Found the +9 sword of Zonguldrok {reap}
 55240 | Vaults:4 | Reached XP level 20. HP: 97/99 MP: 27/27
 55399 | Vaults:4 | Found Merur's Distillery.
 55806 | Vaults:4 | Found Rameeh's Distillery.
 56329 | Vaults:4 | Found Reuck's Assorted Antiques.
 56344 | Vaults:4 | Bought a phantom mirror for 1360 gold pieces
 56809 | Vaults:4 | Upgraded the game from 0.29-a0-231-g945431f764 to
                  | 0.29-a0-233-g1125b37a9b
 57119 | Elf:1    | Entered Level 1 of the Elven Halls
 57124 | Elf:1    | Found a shimmering blue altar of Sif Muna.
 57270 | Elf:1    | Found Ivee's Assorted Antiques.
 57407 | Elf:1    | Noticed Azrael
 57417 | Elf:1    | Killed Azrael
 57442 | Elf:1    | Found a shimmering blue altar of Sif Muna.
 57881 | Elf:1    | You are sucked into a shaft and drop 1 floor!
 58920 | Elf:1    | Paralysed by an air elemental for 1 turns
 59585 | Elf:2    | Found a runed translucent gate.
 59585 | Elf:2    | Found a runed translucent gate.
 59637 | Elf:2    | Found a runed translucent gate.
 59963 | Elf:3    | Entered Level 3 of the Elven Halls
 60089 | Elf:3    | Found Idusuicu's Jewellery Shop.
 60102 | Elf:3    | Noticed Donald
 60113 | Elf:3    | Killed Donald
 60300 | Elf:3    | Paralysed by an air elemental for 1 turns
 60532 | Elf:3    | Reached XP level 21. HP: 102/102 MP: 28/28
 61781 | Elf:3    | Identified the amulet "Nilotwal" {Faith Rampage Dex-4 SInv
                  | Stlth+}
 61787 | Elf:3    | Identified the +3 whip of Blood {vorpal, rElec rN+}
 61965 | Elf:3    | Identified the +7 mace of Red Tenacity {protect, rElec}
 61965 | Elf:3    | Identified the ring "Velecsat" {*Slow Fly Str-2 Int+7
                  | Dex+2}
 61975 | Elf:3    | Noticed Bai Suzhen
 62187 | Elf:3    | Killed Bai Suzhen
 62403 | Elf:3    | Identified the +9 shortbow of Hubris {venom, Will+ Dex+4
                  | Stlth+}
 62406 | Elf:3    | Got the Compendium of Combat Magic
 62512 | Elf:3    | Got Derghur's Advanced Guide to Theurgy
 62587 | Elf:3    | Identified the +4 trident of Nieg {antimagic, *Rage rCorr
                  | Str+6 Dex-2}
 63116 | Slime:1  | Entered Level 1 of the Pits of Slime
 63297 | Slime:5  | Entered Level 5 of the Pits of Slime
 63297 | Slime:5  | Noticed Dissolution
 63454 | Slime:5  | Noticed the Royal Jelly
 63455 | Slime:5  | Found a viscous altar of Jiyva.
 63841 | Slime:5  | Gained mutation: You are dopey. (Int -2) [a shining eye]
 65750 | Slime:5  | Gained mutation: You are weak. (Str -2) [a shining eye]
 65758 | Slime:5  | Killed Dissolution
 66266 | Slime:3  | Gained mutation: Your body sometimes deteriorates upon
                  | taking damage. [a shining eye]
 66276 | Slime:3  | Gained mutation: Your body often deteriorates upon taking
                  | damage. [a shining eye]
 66288 | Slime:3  | Gained mutation: Your spells are a little easier to cast,
                  | but a little less powerful. [a shining eye]
 66461 | Slime:2  | Lost mutation: Your body often deteriorates upon taking
                  | damage. [potion of mutation]
 66461 | Slime:2  | Lost mutation: Your body sometimes deteriorates upon taking
                  | damage. [potion of mutation]
 66461 | Slime:2  | Gained mutation: You have a pair of small antennae on your
                  | head. [potion of mutation]
 66461 | Slime:2  | Gained mutation: You occasionally shout uncontrollably at
                  | your foes. [potion of mutation]
 66461 | Slime:2  | Gained mutation: You are agile. (Dex +2) [potion of
                  | mutation]
 66462 | Slime:2  | Lost mutation: Your spells are a little easier to cast, but
                  | a little less powerful. [potion of mutation]
 66462 | Slime:2  | Lost mutation: You have a pair of small antennae on your
                  | head. [potion of mutation]
 66462 | Slime:2  | Gained mutation: Your magical capacity is low. (-10% MP)
                  | [potion of mutation]
 66462 | Slime:2  | Lost mutation: You are dopey. (Int -2) [potion of mutation]
 66462 | Slime:2  | Gained mutation: You possess an exceptional clarity of
                  | mind. [potion of mutation]
 66463 | Slime:2  | Lost mutation: You possess an exceptional clarity of mind.
                  | [potion of mutation]
 66463 | Slime:2  | Lost mutation: You are agile. (Dex +2) [potion of mutation]
 66463 | Slime:2  | Lost mutation: Your magical capacity is low. (-10% MP)
                  | [potion of mutation]
 66463 | Slime:2  | Gained mutation: Armour fits poorly on your strangely
                  | shaped body. [potion of mutation]
 66464 | Slime:2  | Lost mutation: You occasionally shout uncontrollably at
                  | your foes. [potion of mutation]
 66464 | Slime:2  | Lost mutation: Armour fits poorly on your strangely shaped
                  | body. [potion of mutation]
 66464 | Slime:2  | Gained mutation: Your spells are a little harder to cast,
                  | but a little more powerful. [potion of mutation]
 66464 | Slime:2  | Gained mutation: You tend to lose your temper in combat.
                  | [potion of mutation]
 66464 | Slime:2  | Gained mutation: You are agile. (Dex +2) [potion of
                  | mutation]
 66464 | Slime:2  | Gained mutation: You have hidden genetic potential. [potion
                  | of mutation]
 66837 | Vaults:4 | You are sucked into a shaft and drop 1 floor!
 66837 | Vaults:5 | Entered Level 5 of the Vaults
 66871 | Vaults:5 | Identified the +11 rapier of Nos Kubbeyf {vorpal, rElec
                  | Dex+4}
 66920 | Vaults:5 | Noticed a dread lich
 66950 | Vaults:5 | Killed a dread lich
 67300 | Vaults:5 | Got a silver rune of Zot
 67311 | Vaults:5 | Got Ereshkigal's Compendium of Unholy Rites
 67538 | Vaults:5 | Reached XP level 22. HP: 107/107 MP: 29/29
 68118 | Vaults:5 | Noticed a golden dragon
 68133 | Vaults:5 | Killed a golden dragon
 68140 | Vaults:5 | Identified the +4 morningstar "Hitofosk" {flame, Will-
                  | Int+10 Dex+3}
 68979 | Vaults:5 | Identified the +4 flail "Heawysug" {holy, Will- MP+9 Int+4}
 68984 | Vaults:5 | Identified the +9 halberd of Exchange {pain, Fragile rElec
                  | Will+ rCorr Int+4}
 69113 | Vaults:5 | Noticed a golden dragon
 70358 | Vaults:5 | Killed a golden dragon
 70894 | Depths:1 | Entered Level 1 of the Depths
 70948 | Depths:1 | Gained mutation: Your system is resistant to poisons.
                  | (rPois) [hidden potential]
 71392 | Depths:1 | Found a one-way gateway to a ziggurat.
 72051 | Depths:1 | Found a burning altar of Makhleb.
 72069 | Depths:1 | Found a glowing golden altar of the Shining One.
 72558 | Depths:1 | Found a sparkling altar of Nemelex Xobeh.
 72559 | Depths:1 | Found a gateway to Hell.
 72743 | Depths:2 | Reached skill level 15 in Fighting
 72939 | Depths:2 | Reached XP level 23. HP: 94/113 MP: 30/30
 73191 | Depths:2 | Noticed a caustic shrike
 73241 | Depths:2 | Killed a caustic shrike
 73508 | Depths:2 | Found Ogestraub's Magic Scroll Shoppe.
 73528 | Depths:2 | Bought a scroll of blinking for 112 gold pieces
 73580 | Depths:2 | Found a one-way gate to the infinite horrors of the Abyss.
 73600 | Depths:2 | Found Seroicui's Book Boutique.
 73601 | Depths:2 | Found Ofopsow's Jewellery Emporium.
 73601 | Depths:2 | Found Moavir's Jewellery Emporium.
 74060 | Depths:2 | Found a one-way gate leading to the halls of Pandemonium.
 74194 | Depths:2 | Identified the +1 shortbow of Guile {venom, Str+7 Int+4}
 74305 | Depths:2 | Noticed a juggernaut
 74390 | Depths:2 | Killed a juggernaut
 74825 | Depths:2 | Noticed a juggernaut
 74843 | Depths:2 | Killed a juggernaut
 75224 | Depths:2 | Noticed a juggernaut
 75246 | Depths:2 | Killed a juggernaut
 75485 | Depths:2 | Identified the +1 scale mail "Odosoaw" {rElec Str+8 Int+3}
 75503 | Depths:2 | Acquired the +10 shortbow "Ultimatum" {freeze, rElec}
 76564 | Depths:3 | Found Fifier's Distillery.
 76566 | Depths:3 | Found Weelim's Armour Boutique.
 76574 | Depths:3 | Found Urelic's Jewellery Shop.
 76578 | Depths:3 | Bought a potion of mutation for 152 gold pieces
 76578 | Depths:3 | Bought a potion of mutation for 152 gold pieces
 76939 | Depths:4 | Entered Level 4 of the Depths
 76958 | Depths:4 | Noticed Sojobo
 77102 | Depths:4 | Noticed a juggernaut
 77182 | Depths:4 | Killed a juggernaut
 77199 | Depths:4 | Gained mutation: You have sharp fingernails. [hidden
                  | potential]
 77199 | Depths:4 | Lost mutation: You have hidden genetic potential. [hidden
                  | potential expressed]
 77431 | Depths:4 | Noticed a juggernaut
 77864 | Depths:4 | Killed a juggernaut
 77929 | Depths:4 | Found Yttei's Antique Weapon Emporium.
 77932 | Depths:4 | Found Ariachuequ's Antique Armour Shoppe.
 77932 | Depths:4 | Found Adopur's Armour Emporium.
 78013 | Depths:4 | Found Jesuynu's Assorted Antiques.
 78053 | Depths:4 | Paralysed by an air elemental for 1 turns
 78063 | Depths:4 | Paralysed by an air elemental for 1 turns
 78070 | Depths:4 | Paralysed by an air elemental for 1 turns
 78084 | Depths:4 | Paralysed by an air elemental for 1 turns
 78114 | Depths:4 | Killed Sojobo
 78750 | Depths:4 | Found a gate to the Realm of Zot.
 79048 | Depths:4 | Noticed a juggernaut
 79084 | Depths:4 | Killed a juggernaut
 79085 | Depths:4 | Reached XP level 24. HP: 121/121 MP: 30/30
 79545 | Depths:4 | Noticed Frederick
 79552 | Depths:4 | Killed Frederick
 79628 | Zot:1    | Entered Level 1 of the Realm of Zot
 79984 | Zot:1    | Found a runed translucent gate.
 79985 | Zot:1    | Found a runed translucent gate.
 79985 | Zot:1    | Found a runed translucent gate.
 79985 | Zot:1    | Found an opulent altar of Gozag.
 79988 | Zot:1    | Noticed Numeyn's ghost (legendary GrBe)
 79989 | Zot:1    | Found Fah Yfac's Assorted Antiques.
 80082 | Zot:1    | Noticed Zenata
 80095 | Zot:1    | Killed Zenata
 81439 | Zot:3    | Identified the +1 robe "Binnaulu" {Rampage Will- Dex+8
                  | Stlth-}
 81662 | Zot:5    | Entered Level 5 of the Realm of Zot
 83263 | Zot:5    | Noticed an ancient lich
 83385 | Zot:5    | Killed an ancient lich
 83402 | Zot:5    | Noticed an ancient lich
 83411 | Zot:5    | Killed an ancient lich
 83422 | Zot:5    | Noticed an orb of fire
 83442 | Zot:5    | Gained mutation: You are dopey. (Int -2) [an orb of fire]
 83445 | Zot:5    | Gained mutation: Your skin changes colour to match your
                  | surroundings (Stealth+). [an orb of fire]
 83460 | Zot:5    | Lost mutation: Your spells are a little harder to cast, but
                  | a little more powerful. [an orb of fire]
 83466 | Zot:5    | Lost mutation: Your skin changes colour to match your
                  | surroundings (Stealth+). [an orb of fire]
 83473 | Zot:5    | Gained mutation: You occasionally shout uncontrollably at
                  | your foes. [an orb of fire]
 83801 | Zot:5    | Gained mutation: Your body sometimes deteriorates upon
                  | taking damage. [an orb of fire]
 83803 | Zot:5    | Gained mutation: Your spells are a little easier to cast,
                  | but a little less powerful. [an orb of fire]
 83808 | Zot:5    | Killed an orb of fire
 83835 | Zot:5    | Lost mutation: You tend to lose your temper in combat.
                  | [potion of mutation]
 83835 | Zot:5    | Lost mutation: You are dopey. (Int -2) [potion of mutation]
 83835 | Zot:5    | Lost mutation: You are agile. (Dex +2) [potion of mutation]
 83835 | Zot:5    | Gained mutation: You are partially covered in iridescent
                  | scales. (AC +2) [potion of mutation]
 83835 | Zot:5    | Gained mutation: You are dopey. (Int -2) [potion of
                  | mutation]
 83836 | Zot:5    | Lost mutation: Your spells are a little easier to cast, but
                  | a little less powerful. [potion of mutation]
 83836 | Zot:5    | Lost mutation: You are partially covered in iridescent
                  | scales. (AC +2) [potion of mutation]
 83836 | Zot:5    | Gained mutation: You frequently scream uncontrollably at
                  | your foes. [potion of mutation]
 83837 | Zot:5    | Lost mutation: You have sharp fingernails. [potion of
                  | mutation]
 83837 | Zot:5    | Lost mutation: You are weak. (Str -2) [potion of mutation]
 83837 | Zot:5    | Lost mutation: You frequently scream uncontrollably at your
                  | foes. [potion of mutation]
 83837 | Zot:5    | Gained mutation: You have hidden genetic defects. [potion
                  | of mutation]
 83837 | Zot:5    | Gained mutation: You have a pair of small antennae on your
                  | head. [potion of mutation]
 83838 | Zot:5    | Lost mutation: You occasionally shout uncontrollably at
                  | your foes. [potion of mutation]
 83838 | Zot:5    | Lost mutation: Your body sometimes deteriorates upon taking
                  | damage. [potion of mutation]
 83838 | Zot:5    | Lost mutation: You have a pair of small antennae on your
                  | head. [potion of mutation]
 83838 | Zot:5    | Gained mutation: You are partially covered in iridescent
                  | scales. (AC +2) [potion of mutation]
 83838 | Zot:5    | Gained mutation: You have large cloven feet. [potion of
                  | mutation]
 84123 | Zot:5    | Noticed a Killer Klown
 84130 | Zot:5    | Paralysed by a Zot trap for 3 turns
 84192 | Zot:5    | Killed a Killer Klown
 84564 | Depths:2 | Bought the ring "Hogogab" {+Blink Fly} for 567 gold pieces
 84611 | Depths:2 | Bought a scroll of teleportation for 45 gold pieces
 84611 | Depths:2 | Bought 3 scrolls of teleportation for 135 gold pieces
 84611 | Depths:2 | Bought a scroll of noise for 15 gold pieces
 85056 | Zot:5    | Noticed a Killer Klown
 85056 | Zot:5    | Noticed an orb of fire
 85165 | Zot:5    | Noticed a Killer Klown
 85180 | Zot:5    | Noticed an ancient lich
 85183 | Zot:5    | Noticed an orb of fire
 85188 | Zot:5    | Noticed a dread lich
 85189 | Zot:5    | Gained mutation: You occasionally shout uncontrollably at
                  | your foes. [an orb of fire]
 85191 | Zot:5    | Gained mutation: You are very dopey. (Int -4) [an orb of
                  | fire]
 85210 | Zot:5    | Gained mutation: You are clumsy. (Dex -2) [an orb of fire]
 85239 | Zot:5    | Noticed an ancient lich
 85240 | Zot:5    | Noticed a dread lich
 85240 | Zot:5    | Noticed an orb of fire
 85242 | Zot:5    | Noticed a Killer Klown
 85243 | Zot:5    | HP: 3/122 [orb of fire/fireball (36)]
 85243 | Zot:5    | Noticed a dread lich
 85245 | Zot:5    | Killed from afar by an orb of fire

Illustrated notes

Levels and vault maps discovered:
D:1:      lemuel_arrival_cross, layout_rooms,
          hellmonk_ecumenical_altar_slurped_away
D:2:      layout_basic, grunt_ministairs_8
D:3:      layout_rooms, nicolae_elyvilon_peaceful_grove, serial_shops, shop,
          shop, nicolae_shop_crystal, nicolae_lakefront_shop,
          nicolae_shop_stone, uniq_grinder
D:4:      layout_cave_pools, serial_bayou_pond_c, uniq_menkaure
D:5:      layout_cave_pods, temple_hall, nicolae_ossuary_entry_ruins,
          gup_sewer_entry_bowl, serial_shops, nicolae_inconvenience_store, shop,
          shop, uniq_pikel
D:6:      layout_loops_corners, zin_academy
D:7:      layout_gridville, nicolae_uskayaw_murder_on_the_dancefloor,
          minmay_guarded_unrand_finisher
D:8:      layout_cave_pools, pdpol_wu_jian_five_deadly_venoms,
          david_lair_generic, enter_bailey_5, minmay_quadrilaterals
D:9:      layout_basic, mainiacjoe_overflow_catwalk, orc_0_dummy
D:10:     layout_basic, lemuel_blue_sif_altar
D:11:     layout_irregular_city, xom_teletrap_fun, uniq_nergalle, uniq_erolcha,
          uniq_sonja
D:12:     layout_roguey, minmay_mirror_moons_of_madness
D:13:     layout_cave_pools, minivault_22
D:14:     nzn_winding_woodlands_cross [nzn_winding_woodlands_5x15_zeroes,
          nzn_winding_woodlands_5x15_sawtooth,
          nzn_winding_woodlands_5x15_lazy_stream,
          nzn_winding_woodlands_5x15_sidewinder,
          nzn_winding_woodlands_15x15_boxy_spiral], layout_long_grid,
          ximxim_vaults_locker_room, ebering_ghost_rock_garden
D:15:     grunt_enter_depths_hoard, layout_basic, kennysheep_flooded_box,
          moated_statue
Temple:   nicolae_temple_x_marks_the_god
Lair:1:   minmay_guarded_unrand_snakebite, layout_gridlike,
          gammafunk_ghost_berserking_beasts, nicolae_lair_liquid_snakes,
          infiniplex_staircase_pool
Lair:2:   layout_loops_ring, nicolae_volcano_entry_s_turn, roderic_carrion_pond,
          grunt_megastairs_1
Lair:3:   layout_regular_city, minmay_snake_entry_six_corridors,
          ebering_ghost_reflecting_pool, gammafunk_lair_bear_cave,
          serial_bayou_shore_a, infiniplex_staircase_pool_2, grunt_megastairs_4
Lair:4:   layout_layer_cave, minmay_swamp_entry_worms,
          hellmonk_ghost_happy_afterlife, uniq_amaemon
Lair:5:   layout_hall_layers, dpeg_slime_entry_enclosed_altar,
          lemuel_old_faithful, grunt_megastairs_3
Lair:6:   minmay_lair_end_enchanted_forest, layout_misc_corridors,
          ebering_ghost_disaster_area
Swamp:1:  gammafunk_mikee_crab_dinner, layout_basic_swamp,
          portal_ice_cave_entry_ice_statue_one, evilmike_swamp_ruin_house_2
Swamp:2:  nicolae_swamp_long_stream, layout_falls_marsh, nicolae_swamp_bean_lake
Swamp:3:  layout_basic_swamp, serial_swamp_ruin, evilmike_swamp_ruin_house_6,
          evilmike_swamp_ruin_rubble_1
Swamp:4:  byrel_swamp_growth_death_and_undeath, layout_basic_swamp, uniq_aizul
Snake:1:  layout_misc_corridors, basic_altar, serial_shops,
          nicolae_shop_advertising_works [nicolae_subvault_shop_adworks], shop
Snake:2:  layout_cave_pods, grunt_megastairs_5, uniq_saint_roka
Snake:3:  layout_grid_shapes, nicolae_snake_gridmaze_big_u
Snake:4:  snake_pit, layout_layer_cave, serial_shops, shop, basic_altar,
          guppyfry_snake_island
Slime:1:  layout_caves
Slime:2:  layout_caves
Slime:3:  layout_caves
Slime:4:  layout_caves
Slime:5:  uniq_dissolution
Orc:1:    layout_diamond_mine, uniq_jorgrun
Orc:2:    st_orc_rangers, layout_caves
Elf:1:    minmay_the_grid_square_5x5_5x5_mashed
          [minmay_the_grid_square_5x5_beaten_path, minmay_the_grid_square_5x5_n,
          minmay_the_grid_square_5x5_tri_point,
          minmay_the_grid_square_5x5_fat_x, minmay_the_grid_square_5x5_seven,
          minmay_the_grid_square_5x5_six, minmay_the_grid_square_5x5_prize_open,
          minmay_the_grid_square_5x5_meh,
          minmay_the_grid_square_5x5_prize_rear_guard,
          minmay_the_grid_square_5x5_percent,
          minmay_the_grid_square_5x5_spiral_small,
          minmay_the_grid_square_5x5_inverted_slash,
          minmay_the_grid_square_5x5_prize_snowflake,
          minmay_the_grid_square_5x5_six_small, minmay_the_grid_square_5x5_v,
          minmay_the_grid_square_5x5_tetrominoes,
          minmay_the_grid_square_5x5_prize_monsterx,
          minmay_the_grid_square_5x5_spiral,
          minmay_the_grid_square_5x5_prize_itemx,
          minmay_the_grid_square_5x5_minimal,
          minmay_the_grid_square_5x5_almost_minimal,
          minmay_the_grid_square_5x5_eight,
          minmay_the_grid_square_5x5_two_walls_a,
          minmay_the_grid_square_5x5_shrine1,
          minmay_the_grid_square_5x5_misaligned], layout_geoelf_octagon,
          serial_shops, shop, basic_altar, hangedman_corner_corridor,
          uniq_azrael
Elf:2:    elven_hall_of_blades_hangedman_original [grunt_blade_entry_basic],
          layout_geoelf_octagon
Elf:3:    minmay_elf_hall_hex, layout_gridlike, serial_shops, shop,
          wad_dig_loot, uniq_donald, uniq_bai_suzhen
Vaults:1: hellmonk_ghost_big_iron, ontoclasm_vaults_shuriken, v_misc_11,
          v_misc_32, v_misc_12, hangedman_vaults_impose,
          vaults_standard_mumra_x, nicolae_vaults_yaktaur_gun_rack,
          grunt_vaults_funnel, layout_vaults_omnigrid
Vaults:2: hangedman_vaults_impose, nicolae_vaults_inception_scallops,
          nicolae_vaults_little_squares_6, nicolae_vaults_little_squares_4,
          v_misc_24, v_misc_11, vaults_room_corners, layout_vaults_big_room,
          serial_shops, nicolae_shop_window_shopping
Vaults:3: nicolae_vaults_little_squares_2, vaults_dpeg_diagonal,
          nicolae_vaults_rhombus_6, grunt_vaults_swirl, vaults_room_fours,
          nicolae_vaults_specimen_jars, nicolae_vaults_sealed_display,
          vaults_standard_mumra_enter_the_diamond, vaults_room_door_ring,
          layout_vaults_omnibox, serial_shops, nicolae_shop_stone
Vaults:4: mu_enter_wizlab_4, ontoclasm_vaults_ring_small,
          hangedman_vaults_variations, vaults_dpeg_encased_lava,
          hangedman_vaults_restitches, ontoclasm_vaults_spin, vaults_room_pool,
          hangedman_vaults_trim, v_alt_pattern_6, nicolae_vaults_alarming,
          layout_vaults_omnicross, serial_shops, nicolae_diamond_shop, shop,
          shop, shop_coins, nicolae_shop_trees
Vaults:5
Depths:1: layout_honeycomb, enter_ziggurat_f, serial_co_window_serial,
          co_window_paths_a, co_window_paths_a, co_window_paths_b,
          co_window_corner_a, co_window_paths_a, co_window_of_opportunity_b,
          co_window_cross_3, co_window_corner_ca, co_window_cross_4,
          co_window_unsneaky_path_a, co_window_4corner_b, glass_columns_c,
          glass_columns_c, glass_columns_a, glass_columns_a,
          nemelex_lonely_heart_becter, hell_entry, nzn_life_drinkers,
          serial_bayou_shore_b
Depths:2: angbandy_vault, layout_long_grid, rand_demon_pan_entry_4, abyss_entry,
          serial_shops, nicolae_shop_temple_entry_statues_fountains,
          pf_hell_entry_tar_spiral, hangedman_decor_diamond_cutter,
          grunt_megastairs_2, minmay_shop_grove, firewood_loft
Depths:3: hangedman_arrow_trap, layout_gridville, abyss_entry,
          small_statue_intersection, lightli_too_deep, serial_rivers,
          chequers_serial_rivers_room_a, chequers_serial_rivers_large_a,
          chequers_serial_rivers_small_b, chequers_serial_rivers_micro_d,
          minmay_crystal_water, minmay_staircase_statues, minmay_shop_star
Depths:4: grunt_zot_entry_tricorne, layout_honeycomb, abyss_entry_glasseish,
          hell_entry, minmay_shoptagon, uniq_frederick, uniq_sojobo
Zot:1:    layout_gridville, ebering_ghost_gozag, uniq_zenata
Zot:2:    layout_cellular_growth, hangedman_spider_trapstep, lemuel_elevator
Zot:3:    grunt_zot_stairs_faceoff, layout_gridlike, uniq_parghit
Zot:4:    kennysheep_oblong_rooms, layout_gridlike, st_small_dragon_hoard_2,
          guppyfry_library_mini
Zot:5:    layout_misc_corridors, st_stairs_10, grunt_ministairs_4

Skill      XL: |  1  2  3  4  5  6  7  8  9 10 11 12 13 14 15 16 17 18 19 20 21 22 23 24 |
---------------+-------------------------------------------------------------------------+-----
Bows           | 5 6 8 10 12 14 15 16 22 | 22.0
Dodging        | 6 9 10 11 14 16 18 20 | 20.6
Fighting       | 5 8 10 11 12 13 15 16 17 | 17.4
Armour         | 3 6 8 10 11 12 15 17 19 20 22 | 22.0
Evocations     | 5 6 11 15 18 20 21 | 21.8
Invocations    | 8 |  8.0
Stealth        | 8 11 13 14 16 18 | 18.0

Action                   |  1- 3 |  4- 6 |  7- 9 | 10-12 | 13-15 | 16-18 | 19-21 | 22-24 || total
-------------------------+-------+-------+-------+-------+-------+-------+-------+-------++-------
Melee: Quick blade       |       |     5 |    48 |       |       |       |       |       ||    53
       Punch             |       |       |     2 |       |       |       |       |       ||     2
       Shortbow          |       |       |       |       |       |       |     1 |       ||     1
 Fire: Shortbow          |    93 |   133 |   385 |   864 |  2076 |  2233 |  2280 |  2189 || 10253
Throw: Dart              |       |       |       |       |     5 |       |       |     3 ||     8
Invok: Recall Ancestor   |       |       |       |    24 |    49 |    36 |    55 |    31 ||   195
       Ancestor Life: Kn |       |       |       |     1 |       |       |       |       ||     1
       Idealise          |       |       |       |       |       |     1 |     1 |     1 ||     3
       Transference      |       |       |       |       |       |     1 |       |     2 ||     3
 Abil: Evoke Blink       |       |       |       |       |       |       |       |     8 ||     8
Evoke: Wand              |       |       |       |     2 |     7 |     4 |     4 |    16 ||    33
       Condenser vane    |       |       |       |       |       |     3 |     4 |     4 ||    11
       Phantom mirror    |       |       |       |       |       |       |     3 |     1 ||     4
       Phial of floods   |       |       |       |       |       |       |       |     2 ||     2
  Use: Scroll            |       |       |    11 |     6 |    17 |     7 |    14 |    13 ||    68
       Potion            |       |       |     2 |     1 |       |     8 |    12 |    15 ||    38
Armor: Robe              |     1 |     5 |    10 |       |       |       |       |       ||    16
       Acid dragon scale |       |       |       |     6 |    53 |    49 |     3 |       ||   111
       Swamp dragon scal |       |       |       |       |       |       |    89 |   114 ||   203
Dodge: Dodged            |    15 |    19 |    82 |   106 |   521 |   465 |   397 |   570 ||  2175
Block: Other             |       |       |       |       |       |       |    69 |    65 ||   134
       Reflection        |       |       |       |       |       |       |    13 |     5 ||    18

Table legend: (Time is in decaauts)
 A = Elapsed time spent in this place.
 B = Non-inter-level travel time spent in this place.
 C = Inter-level travel time spent in this place.
 D = Time resting spent in this place.
 E = Time spent auto-exploring this place.
 F = Levels seen in this place.
 G = Mean time per level.
                   A        B        C        D        E       F      G
               +--------+--------+--------+--------+--------+-----+--------+
         Total |  65328 |  61442 |   3886 |  20678 |  21907 |  59 | 1107.3 |
       Dungeon |  14728 |  12907 |   1821 |   2586 |   6798 |  15 |  981.9 |
        Temple |     61 |     60 |      1 |      0 |     30 |   1 |   61.0 |
          Lair |   5998 |   5423 |    575 |    422 |   3417 |   6 |  999.7 |
         Swamp |   5387 |   5185 |    202 |   2736 |   1121 |   4 | 1346.8 |
     Snake Pit |   5088 |   4870 |    218 |   1641 |   1863 |   4 | 1272.0 |
    Slime Pits |   2839 |   2839 |      0 |   1751 |      0 |   5 |  567.8 |
  Orcish Mines |   1509 |   1369 |    140 |    340 |    626 |   2 |  754.5 |
   Elven Halls |   4439 |   4290 |    149 |   1376 |   1149 |   3 | 1479.7 |
        Vaults |  10168 |   9823 |    345 |   3771 |   3226 |   5 | 2033.6 |
        Depths |   7033 |   6776 |    257 |   2440 |   2659 |   4 | 1758.2 |
           Zot |   4493 |   4320 |    173 |   2502 |    192 |   5 |  898.6 |
         Sewer |    628 |    628 |      0 |      0 |    445 |   1 |  628.0 |
        Bailey |    596 |    596 |      0 |      2 |    231 |   1 |  596.0 |
      Ice Cave |   1277 |   1277 |      0 |    840 |      0 |   1 | 1277.0 |
       Volcano |    479 |    479 |      0 |    233 |     89 |   1 |  479.0 |
        Wizlab |    599 |    599 |      0 |     32 |     56 |   1 |  599.0 |
               +--------+--------+--------+--------+--------+-----+--------+

Top non-repeatable levels by time:
Vaults:5: 3160 daAuts
Depths:2: 2647 daAuts
 Snake:4: 2473 daAuts
    D:14: 2470 daAuts
Vaults:1: 2446 daAuts
   Elf:3: 2267 daAuts
Depths:4: 2173 daAuts
   Elf:1: 1817 daAuts
 Slime:4: 1747 daAuts
   Zot:5: 1724 daAuts
 Swamp:3: 1696 daAuts
    D:11: 1656 daAuts
Vaults:2: 1612 daAuts
Vaults:3: 1591 daAuts
 Swamp:4: 1539 daAuts
